 Dungeon Crawl Stone Soup version 0.26.0-10-g1f06aea511 (webtiles) character file.

Game seed: 12261064587049220328

4790 vatarom the Basher (level 10, -2/80 HPs)
             Began as a Demonspawn Chaos Knight on Feb 4, 2021.
             Was a Plaything of Xom.
             Slain by a meliai
             ... wielding a +3 spear of freezing
              (4 damage)
             ... on level 9 of the Dungeon.
             The game lasted 00:16:52 (11962 turns).

vatarom the Basher (Demonspawn Chaos Knight)       Turns: 11962, Time: 00:16:53

Health: -2/80      AC:  5    Str: 15      XL:     10   Next: 24%
Magic:  10/10      EV: 16    Int: 14 (15) God:    Xom [..*...]
Gold:   656        SH:  0    Dex: 11 (12) Spells: 9/9 levels left

rFire    . . .     SeeInvis .   D - +0 dire flail
rCold    . . .     Faith    .   (shield currently unavailable)
rNeg     . . .     Spirit   .   d - +0 ring mail
rPois    .         Reflect  .   f - +1 helmet
rElec    .         Harm     .   (no cloak)
rCorr    .         Rampage  .   (no gloves)
Will     +....     Clarity  +   (no boots)
Stlth    +.........             (no amulet)
HPRegen  4.23/turn              j - ring of willpower
MPRegen  0.12/turn              w - ring of wizardry

@: studying Translocations, repel missiles
A: claws 1, talons 1, repulsion field 3, blurry vision 1, clarity, deformed
body, deterioration 1, sense surroundings 1, powered by death 1, screaming 2,
spiny 2, evolution 1
a: Renounce Religion


You were on level 9 of the Dungeon.
You worshipped Xom.
You were a toy of Xom.
You visited 1 branch of the dungeon, and saw 9 of its levels.
You also visited: Sewer and Ossuary.

You collected 656 gold pieces.

Inventory:

Hand Weapons
 a - a +0 mace of chaos
 D - a +0 dire flail (weapon)
Missiles
 m - 2 silver boomerangs
 q - a throwing net {!f}
 x - 4 curare-tipped darts
 H - 22 poisoned darts
Armour
 d - a +0 ring mail (worn)
 f - a +1 helmet (worn)
Jewellery
 j - a ring of willpower (left claw)
 o - an uncursed ring of poison resistance
 r - an uncursed ring of willpower
 w - a ring of wizardry (right claw)
Wands
 h - a wand of enslavement (8)
 i - a wand of flame (11)
 z - a wand of digging (5) {@v1}
 A - a wand of iceblast (7) {@v4}
 F - a wand of paralysis (5)
Scrolls
 c - 7 scrolls of teleportation {@r3}
 e - 2 scrolls of enchant armour
 k - a scroll of magic mapping
 l - 3 scrolls of amnesia
 s - 3 scrolls of identify {@r1}
 v - 7 scrolls of remove curse {@r2}
 y - a scroll of blinking {@r4}
 G - a scroll of fog
Potions
 g - 2 potions of magic {unknown}
 n - a potion of haste {@q3}
 p - a potion of curing {@q1}
 t - 2 potions of ambrosia
 u - a potion of attraction
 B - a potion of might {@q4}
 C - 2 potions of brilliance {@q6}
 E - a potion of invisibility
Books
 b - a manual of Translocations


   Skills:
 + Level 8.2 Fighting
 * Level 10.2 Maces & Flails
 - Level 5.1 Armour
 + Level 4.6 Dodging


You had 9 spell levels left.
You didn't know any spells.
Your spell library contained the following spells:

 Spells                   Type           Power        Failure   Level
 Animate Skeleton         Necr           0%           21%         1
 Apportation              Tloc           0%           21%         1
 Corona                   Hex            0%           21%         1
 Summon Small Mammal      Summ           0%           21%         1


Dungeon Overview and Level Annotations

Branches:
Dungeon (9/15)             Temple (0/1) D:6            Lair (0/6) D:8
  Sewer (visited)         Ossuary (visited)
    Orc: D:9-12

Altars:
Dithmenos
Elyvilon
Fedhas
Hepliaklqana
Kikubaaqudgha
Okawaru
Qazlal
Uskayaw
Wu Jian
Xom
Zin
The Shining One

Annotations:
D:2 1 runed translucent door, Crazy Yiuf


Innate Abilities, Weirdness & Mutations

You have sharp fingernails.
You are surrounded by a strong repulsion field. (EV +4, RMsl)
You regenerate a little health from kills.
You are mostly covered in sharp spines.
You have sharp toenails.
Scrolls take you a little longer to read.
You possess an exceptional clarity of mind.
Armour fits poorly on your strangely shaped body.
Your body sometimes deteriorates upon taking damage.
You passively map a small area around you.
You sometimes yell uncontrollably at your foes.
You evolve.


Message History

The meliai misses you.
You hit the hornet zombie.
You destroy the hornet zombie!
The meliai barely misses you.
The meliai hits you from afar with a +3 spear of freezing!
* * * LOW HITPOINT WARNING * * *
The meliai freezes you.
* * * LOW HITPOINT WARNING * * *
Unknown command.
The meliai hits you with a +3 spear of freezing!
* * * LOW HITPOINT WARNING * * *
Your body deteriorates!
You feel clumsy. The meliai freezes you.
* * * LOW HITPOINT WARNING * * *
The meliai misses you. The meliai is struck by your spines.
The meliai hits you with a +3 spear of freezing!
* * * LOW HITPOINT WARNING * * *
Your body deteriorates!
You feel dopey. The meliai freezes you.
You die...

#####....# ..#..# , , * * ,*
........# ,.#.#..# , * , .......#
.#...#..###############
.......#,.#..#..#..#.....##......
.......#,*..#.#..#.#.###.#.######
.......#* #...#.)#).....)#......
###.#..# #.#..#.#..##.########
#.#..# , #..#5.#.)#..###.....
#.##.## , ,#@.#########.#####
#.##..## , ,#y.## ##.....
##.##...## #..##* , #####.
##.....#..# #.## **, * ###.#
......###.# #. , * #..## ...#..#
#.# # * , #..## ####..###.# ,, ,
#.... #.).....#.# * * , #.##.
........#.# , * ** , * #.##.


You could see a meliai and a friendly shadow imp (summoned).

Vanquished Creatures
  A troll (D:8)
  A hornet (D:8)
  A spriggan (D:7)
  A wraith (D:8)
  Menkaure (D:4)
  A soldier ant (D:5)
  Duvessa (D:4)
  2 ice beasts
  3 sky beasts
  A hornet zombie (D:9)
  A phantom (D:9)
  2 ogres
  6 centaurs
  4 big kobolds
  3 bullfrogs
  Dowan (D:4)
  4 scorpions
  4 killer bees (D:8)
  3 howler monkeys
  4 hounds
  2 jellies
  2 bullfrog skeletons (D:9)
  2 orc priests
  A centaur skeleton (D:9)
  12 orc wizards
  7 iguanas
  Ijyb (D:4)
  3 worker ants
  A hound zombie (D:6)
  A hound skeleton (D:5)
  3 mummies (Ossuary)
  A howler monkey zombie (D:7)
  3 worker ant zombies
  Robin (D:2)
  12 adders
  2 river rats (Sewer)
  A shadow imp (D:8)
  5 white imps
  3 ufetubi
  4 oozes (Sewer)
  An adder skeleton (D:4)
  6 worms
  A dart slug (D:1)
  7 leopard geckos
  27 orcs
  3 bats
  2 giant cockroaches
  11 goblins
  8 hobgoblins
  5 jackals (D:8)
  19 kobolds
  2 quokkas
  5 ball pythons
  3 frilled lizards
  3 gnoll skeletons (Ossuary)
  A gnoll zombie (Ossuary)
  7 goblin skeletons (Ossuary)
  5 goblin zombies (Ossuary)
  3 hobgoblin skeletons (Ossuary)
  3 hobgoblin zombies (Ossuary)
  A jackal skeleton (D:4)
  2 kobold skeletons (Ossuary)
  7 kobold zombies (Ossuary)
  A leopard gecko skeleton (D:4)
  2 orc skeletons (Ossuary)
  5 orc zombies (Ossuary)
  A quokka skeleton (D:6)
  A quokka zombie (D:7)
  7 rats
  6 rat skeletons (Ossuary)
  2 rat zombies (Ossuary)
269 creatures vanquished.

Vanquished Creatures (collateral kills)
  A mummy (Ossuary)
1 creature vanquished.

Vanquished Creatures (others)
  Blork the orc (D:4)
  A goblin (D:2)
  An orc skeleton (Ossuary)
  A fungus (D:2)
  3 plants (D:4)
7 creatures vanquished.

Grand Total: 277 creatures vanquished

Notes
Turn   | Place    | Note
-------+----------+-------------------------------------------
     0 | D:1      | vatarom the Demonspawn Chaos Knight began the quest for the
                  | Orb.
     0 | D:1      | Reached XP level 1. HP: 18/18 MP: 1/1
     2 | D:1      | Noticed a minotaur
     4 | D:1      | Noticed a felid
     4 | D:1      | Noticed an ogre
     6 | D:1      | Noticed a ghoul
     8 | D:1      | Noticed a formicid
     8 | D:1      | Noticed a naga
    10 | D:1      | Noticed a dwarf
    10 | D:1      | Noticed a demonspawn
    12 | D:1      | Noticed an elf
    14 | D:1      | Noticed a human
    14 | D:1      | Noticed a halfling
    16 | D:1      | Noticed a centaur
    16 | D:1      | Noticed a draconian
    18 | D:1      | Noticed a demigod
    18 | D:1      | Noticed a merfolk
    20 | D:1      | Noticed a troll
    20 | D:1      | Noticed a gargoyle
    22 | D:1      | Noticed a vine stalker
    22 | D:1      | Noticed an octopode
    24 | D:1      | Noticed a tengu
    26 | D:1      | Noticed a spriggan
    26 | D:1      | Noticed a vampire
    43 | D:1      | XOM: divination: magic mapping
    48 | D:1      | You fall into a shaft and drop 1 floor!
   141 | D:1      | XOM: 5-stop teleportation journey
   413 | D:1      | Reached skill level 3 in Maces & Flails
   597 | D:1      | XOM: god gift: 46 gold pieces
   691 | D:1      | Gained mutation: You are surrounded by a mild repulsion
                  | field. (EV +2) [demonic ancestry]
   691 | D:1      | Reached XP level 2. HP: 22/24 MP: 2/2
   710 | D:1      | XOM: scenery: create altars
   782 | D:1      | XOM: cloud trail
   839 | D:1      | XOM: god gift: 53 gold pieces
  1173 | D:2      | XOM: scenery: create altars
  1180 | D:2      | Found a shadowy altar of Dithmenos.
  1630 | D:2      | Reached XP level 3. HP: 15/29 MP: 3/3
  1991 | D:2      | Found a glowing silver altar of Zin.
  1991 | D:2      | Found a white marble altar of Elyvilon.
  1991 | D:2      | Found a glowing golden altar of the Shining One.
  2268 | D:2      | XOM: cloud trail
  2381 | D:3      | XOM: smoke on damage
  2389 | D:2      | XOM: fog
  2545 | D:2      | XOM: cloud trail
  2759 | D:3      | XOM: give mutations
  2759 | D:3      | Gained mutation: You have sharp toenails. [Xom's grace]
  2759 | D:3      | Gained mutation: You passively map a small area around you.
                  | [Xom's grace]
  2759 | D:3      | Gained mutation: Your system is resistant to poisons.
                  | (rPois) [Xom's grace]
  2759 | D:3      | Gained mutation: You are surrounded by a moderate repulsion
                  | field. (EV +3) [Xom's grace]
  2761 | D:3      | Noticed Robin
  2952 | D:2      | XOM: divination: detect creatures
  3169 | D:3      | XOM: enchant monster (bad)
  3174 | D:2      | XOM: chaos upgrade
  3292 | D:2      | Killed Robin
  3293 | D:2      | Reached skill level 4 in Maces & Flails
  3293 | D:2      | Gained mutation: You have sharp fingernails. [demonic
                  | ancestry]
  3293 | D:2      | Reached XP level 4. HP: 30/37 MP: 4/4
  3400 | D:2      | Found a runed translucent door.
  3401 | D:2      | Noticed Crazy Yiuf
  3452 | D:3      | XOM: enchant monster (bad)
  3477 | D:3      | XOM: butterfly on damage
  3653 | D:2      | XOM: summons 3 hostile shadow creatures
  3768 | D:3      | XOM: cast spell 'Chain of Chaos'
  4002 | D:3      | Gained mutation: You are partially covered in sharp spines.
                  | [demonic ancestry]
  4002 | D:3      | Reached XP level 5. HP: 42/42 MP: 5/5
  4022 | D:3      | XOM: scenery: create altars
  4280 | D:4      | Noticed Ijyb
  4295 | D:4      | Killed Ijyb
  4375 | D:4      | Found a glowing drain.
  4389 | D:4      | XOM: butterfly on damage
  4390 | Sewer    | Entered a sewer
  4396 | Sewer    | XOM: silly message
  4664 | Sewer    | XOM: divination: detect creatures
  4733 | Sewer    | XOM: 4-stop teleportation journey
  5091 | Sewer    | Reached skill level 5 in Maces & Flails
  5091 | Sewer    | Reached XP level 6. HP: 49/49 MP: 6/6
  5244 | D:4      | Mutation became permanent: You are surrounded by a mild
                  | repulsion field. (EV +2) [demonic ancestry]
  5244 | D:4      | Gained mutation: You are surrounded by a moderate repulsion
                  | field. (EV +3) [demonic ancestry]
  5244 | D:4      | Reached XP level 7. HP: 16/55 MP: 7/7
  5476 | D:4      | Noticed Duvessa
  5476 | D:4      | Noticed Dowan
  5482 | D:4      | Killed Duvessa
  5483 | D:4      | Reached skill level 5 in Fighting
  5486 | D:4      | Killed Dowan
  5487 | D:4      | Reached skill level 6 in Maces & Flails
  5497 | D:4      | XOM: silly message
  5528 | D:4      | Noticed Menkaure
  5536 | D:4      | XOM: potion effect (curing)
  5539 | D:4      | Killed Menkaure
  5965 | D:4      | Noticed Blork the orc
  5966 | D:4      | XOM: cast spell 'Summon Small Mammal'
  5968 | D:4      | XOM: fake destruction
  5971 | D:4      | XOM: scenery: summon butterflies
  5976 | D:4      | XOM: chaos upgrade
  5980 | D:4      | XOM: noise
  5984 | D:4      | Killed Blork the orc
  6108 | D:4      | XOM: give mutations
  6108 | D:4      | Gained mutation: You occasionally shout uncontrollably at
                  | your foes. [Xom's mischief]
  6108 | D:4      | Gained mutation: Scrolls take you a little longer to read.
                  | [Xom's mischief]
  6108 | D:4      | Gained mutation: Scrolls take you longer to read. [Xom's
                  | mischief]
  6369 | D:4      | XOM: noise
  6617 | D:5      | Entered Level 5 of the Dungeon
  6623 | D:5      | XOM: polymorph ogre -> soldier ant
  6635 | D:5      | Gained mutation: You are mostly covered in sharp spines.
                  | [demonic ancestry]
  6635 | D:5      | Reached XP level 8. HP: 14/64 MP: 8/8
  7048 | D:4      | XOM: summons 1 hostile shadow creature
  7089 | D:5      | Reached skill level 7 in Maces & Flails
  7148 | D:5      | Found a sand-covered staircase.
  7155 | Ossuary  | Entered an ossuary
  7190 | Ossuary  | XOM: 2-stop teleportation journey
  7526 | Ossuary  | XOM: give mutations
  7526 | Ossuary  | Gained mutation: You are frail. (-10% HP) [Xom's mischief]
  7526 | Ossuary  | Gained mutation: You sometimes yell uncontrollably at your
                  | foes. [Xom's mischief]
  7526 | Ossuary  | Lost mutation: You are frail. (-10% HP) [Xom's mischief]
  7526 | Ossuary  | Lost mutation: Your system is resistant to poisons. (rPois)
                  | [Xom's mischief]
  7528 | Ossuary  | XOM: summons friendly ufetubus
  7903 | D:5      | XOM: fake destruction
  7968 | D:5      | XOM: chaos upgrade
  7982 | D:5      | XOM: confusion
  7999 | D:5      | XOM: blink monster(s)
  8002 | D:5      | HP: 1/64 [something/magic dart (7)]
  8253 | D:5      | XOM: 2-stop teleportation journey
  8303 | D:5      | Found a hazy altar of Hepliaklqana.
  8610 | D:6      | Reached skill level 5 in Armour
  8654 | D:6      | Found a staircase to the Ecumenical Temple.
  8952 | D:6      | Found a blossoming altar of Fedhas.
  8957 | D:6      | Found a hide-covered altar of Uskayaw.
  8958 | D:6      | Found an ornate altar of the Wu Jian Council.
  8966 | D:6      | Found an iron altar of Okawaru.
  8967 | D:6      | Found a stormy altar of Qazlal.
  9163 | D:6      | XOM: noise
  9538 | D:7      | Reached skill level 8 in Maces & Flails
  9538 | D:7      | Reached skill level 1 in Dodging
  9760 | D:7      | Found an ancient bone altar of Kikubaaqudgha.
  9935 | D:7      | XOM: 3-stop teleportation journey
 10076 | D:7      | Gained mutation: You regenerate a little health from kills.
                  | [demonic ancestry]
 10076 | D:7      | Reached XP level 9. HP: 71/71 MP: 9/9
 10115 | D:7      | XOM: scenery: 1 doors close
 10157 | D:7      | XOM: give mutation
 10157 | D:7      | Gained mutation: You are frail. (-10% HP) [Xom's mischief]
 10289 | D:7      | Lost mutation: You have sharp toenails. [potion of
                  | mutation]
 10289 | D:7      | Lost mutation: You are frail. (-10% HP) [potion of
                  | mutation]
 10289 | D:7      | Lost mutation: You sometimes yell uncontrollably at your
                  | foes. [potion of mutation]
 10289 | D:7      | Gained mutation: You have sharp toenails. [potion of
                  | mutation]
 10289 | D:7      | Gained mutation: You expend magic power (3 MP) to
                  | strengthen your wands. [potion of mutation]
 10290 | D:7      | Lost mutation: Scrolls take you longer to read. [potion of
                  | mutation]
 10290 | D:7      | Lost mutation: Scrolls take you a little longer to read.
                  | [potion of mutation]
 10290 | D:7      | Lost mutation: You expend magic power (3 MP) to strengthen
                  | your wands. [potion of mutation]
 10290 | D:7      | Gained mutation: You evolve. [potion of mutation]
 10290 | D:7      | Gained mutation: Your body sometimes deteriorates upon
                  | taking damage. [potion of mutation]
 10290 | D:7      | Gained mutation: You possess an exceptional clarity of
                  | mind. [potion of mutation]
 10411 | D:8      | Found a staircase to the Lair.
 10436 | D:8      | XOM: torment (36/71 hp)
 10654 | D:8      | XOM: give mutations
 10654 | D:8      | Gained mutation: You sometimes yell uncontrollably at your
                  | foes. [Xom's mischief]
 10654 | D:8      | Gained mutation: Scrolls take you a little longer to read.
                  | [Xom's mischief]
 10654 | D:8      | Gained mutation: Armour fits poorly on your strangely
                  | shaped body. [Xom's mischief]
 10657 | D:8      | Noticed a troll
 10667 | D:8      | XOM: chaos upgrade
 10676 | D:8      | Killed a troll
 10677 | D:8      | Reached skill level 9 in Maces & Flails
 11504 | D:8      | XOM: summons 5 hostile demons
 11670 | D:9      | Gained mutation: You are surrounded by a strong repulsion
                  | field. (EV +4, RMsl) [demonic ancestry]
 11670 | D:9      | Reached XP level 10. HP: 80/80 MP: 10/10
 11717 | D:9      | XOM: 2-stop teleportation journey
 11831 | D:9      | Reached skill level 10 in Maces & Flails
 11916 | D:9      | XOM: polymorph orc warrior -> worm
 11954 | D:9      | XOM: summons friendly shadow imp
 11962 | D:9      | HP: 2/80 [meliai/+3 spear of freezing (11)]
 11962 | D:9      | Slain by a meliai

Illustrated notes

Levels and vault maps discovered:
D:1:      kb_arrival_jail, layout_basic
D:2:      layout_basic, good_gods_mini_temple, chequers_jeans,
          hangedman_abyss_or_decor_lesser_grid, nicolae_dithmenos_shadow_blocks,
          uniq_crazy_yiuf_cottage
D:3:      layout_rooms, corexii_corridor_pit, uniq_robin
D:4:      layout_loops_ring, serial_forest, infiniplex_forest_clump_tiny,
          infiniplex_forest_end_2, infiniplex_forest_lined_1,
          infiniplex_forest_straight_3, infiniplex_forest_lined_2,
          infiniplex_forest_clump_diagonal, infiniplex_forest_lined_1,
          infiniplex_forest_end_2, infiniplex_forest_corner_2,
          portal_sewer_entry_f, uniq_blork_the_orc, uniq_menkaure, uniq_duvessa,
          uniq_ijyb
D:5:      layout_cave_pools, nzn_hepliaklqana_mist_gate,
          chequers_ossuary_entry_cave
D:6:      layout_basic, grunt_temple_overflow_open,
          minmay_temple_entry_offerings, wad_floor_pattern_untrapped
D:7:      layout_gridville, old_standard_altar, the_bakery
D:8:      layout_loops_cross, dpeg_oklobed_lair, minmay_manual_mandibuliform
D:9:      minmay_the_grid_octo_tiled_octocenter [minmay_the_grid_octo_odd_swirl,
          minmay_the_grid_octo_chip, minmay_the_grid_octo_toaster,
          minmay_the_grid_octo_thin_diamonds, minmay_the_grid_octo_prize_star,
          minmay_the_grid_square_5x5_eight_small,
          minmay_the_grid_square_5x5_intrusive_squares,
          minmay_the_grid_square_5x5_trominoes,
          minmay_the_grid_square_5x5_inset], layout_rooms

Skill      XL: |  1  2  3  4  5  6  7  8  9 10 |
---------------+-------------------------------+-----
Maces & Flails | 3 4 5 6 8 9 10 | 10.2
Armour         | 2 3 4 5 |  5.1
Fighting       | 4 5 6 7 8 |  8.2
Dodging        | 1 4 |  4.6

Action                   |  1- 3 |  4- 6 |  7- 9 | 10-12 || total
-------------------------+-------+-------+-------+-------++-------
Melee: Mace              |   106 |       |       |       ||   106
       Morningstar       |    10 |   157 |   233 |       ||   400
       Kick              |     7 |    23 |    87 |    17 ||   134
       Dire flail        |       |       |   123 |    80 ||   203
Throw: Dart              |     9 |       |       |       ||     9
       Boomerang         |     5 |       |       |       ||     5
  Use: Potion            |     9 |       |    16 |       ||    25
       Scroll            |       |    11 |     7 |       ||    18
 Stab: Invisible         |     3 |       |     1 |       ||     4
       Petrifying        |     1 |       |       |       ||     1
Armor: Leather armour    |    33 |       |       |       ||    33
       Ring mail         |    16 |    46 |    89 |    11 ||   162
Dodge: Dodged            |   107 |   120 |   210 |    64 ||   501
       Repelled          |       |       |       |     1 ||     1
